 Dungeon Crawl Stone Soup version 0.31.0-12-g77e489cdc1 (webtiles) character file.

Game seed: 1092490190024756279

41 spaghetti the Sneak (level 3, 0/22 HPs)
             Began as a Deep Elf Chaos Knight on Feb 18, 2024.
             Was a Plaything of Xom.
             Slain by Natasha (2 damage)
             ... on level 2 of the Dungeon.
             The game lasted 00:01:18 (825 turns).

spaghetti the Sneak (Deep Elf Chaos Knight)          Turns: 825, Time: 00:01:18

Health: 0/22       AC:  6    Str:  9    XL:     3   Next: 32%
Magic:  5/5        EV: 12    Int: 16    God:    Xom [....*.]
Gold:   58         SH:  0    Dex: 16    Spells: 2/2 levels left

rFire   . . .        a - +0 short sword (chaos)
rCold   . . .        (no shield)
rNeg    . . .        b - +3 leather armour
rPois   .            (no helmet)
rElec   .            (no cloak)
rCorr   .            (no gloves)
SInv    .            (no boots)
Will    .....        (no amulet)
Stlth   ++           (no ring)
HPRegen 0.23/turn    (no ring)
MPRegen 0.09/turn

%: no passive effects
@: slowed, very slow
A: no striking features
a: Renounce Religion


You were on level 2 of the Dungeon.
You worshipped Xom.
You were a beloved toy of Xom.
You visited 1 branch of the dungeon, and saw 2 of its levels.

You collected 58 gold pieces.

Inventory:

Hand Weapons
 a - a +0 short sword of chaos (weapon)
Armour
 b - a +3 leather armour (worn)
Scrolls
 c - a scroll of butterflies
 e - a scroll of teleportation


   Skills:
 - Level 2.4 Fighting
 - Level 3.0 Short Blades
 - Level 0.7 Armour
 - Level 2.4 Dodging
 + Level 4.1 Stealth


You had 2 spell levels left.
You didn't know any spells.
Your spell library was empty.

Dungeon Overview and Level Annotations

Branches:
Dungeon (2/15)

Altars:

Annotations:
D:2 Natasha


Message History

Natasha closely misses you.
The endoplasm hits you but does no damage.
You hit Natasha. You freeze Natasha.
Natasha is almost dead.
Natasha mumbles some strange words.
The endoplasm closely misses you. Natasha claws you.
A shower of butterflies erupts from you!
The endoplasm barely misses you.
You closely miss Natasha.
Natasha is almost dead.
The endoplasm completely misses you. Natasha claws you but does no damage.
Unknown command.
You hit Natasha but do no damage.
Natasha is almost dead.
The cerulean imp barely misses you. Natasha casts a spell at you.
The magic dart hits you.
* * * LOW HITPOINT WARNING * * *
The endoplasm closely misses you.
Unknown command.
Unknown command.
You closely miss Natasha.
Natasha is almost dead.
The cerulean imp misses you.
Natasha casts a spell.
The endoplasm misses you.
The cerulean imp hits you but does no damage.
The endoplasm freezes you.
You are frozen.
* * * LOW HITPOINT WARNING * * *
Natasha barely misses you.
Unknown command.
Unknown command.
You hit Natasha but do no damage.
Natasha is poisoned.
Natasha is almost dead.
The cerulean imp hits you but does no damage.
Natasha claws you.
You die...
Natasha curls up and begins to purr.
Xom laughs nastily!

#.....♣...~~~~~♣
#.........~~~P~♣
#.........~~~~♣
#........♣P~~♣g
#.......♣~~~~.
.######........~~♣..
..........b.....~...
......°§....<.......
....$55@....b.......
......hJ§....b....#.
.........b........#
..................+
....b.......!.....#
............$.....#
.......##..###.....
##..(.. ...


You could see Natasha (very poisoned, ally target), 2 cerulean imps and an
endoplasm.

Vanquished Creatures
  A dart slug (D:2)
  2 goblins (D:1)
  8 hobgoblins (D:1)
  4 jackals (D:1)
  3 kobolds (D:1)
  A quokka (D:1)
  4 ball pythons (D:1)
  7 bats
  3 rats (D:1)
33 creatures vanquished.

Vanquished Creatures (collateral kills)
  A quokka (D:1)
1 creature vanquished.

Vanquished Creatures (others)
  A rat zombie (D:1)
1 creature vanquished.

Grand Total: 35 creatures vanquished

Notes
Turn   | Place    | Note
-------+----------+-------------------------------------------
     0 | D:1      | spaghetti the Deep Elf Chaos Knight began the quest for the
                  | Orb.
     0 | D:1      | Reached XP level 1. HP: 13/13 MP: 3/3
    29 | D:1      | Reached skill level 1 in Stealth
    89 | D:1      | Reached skill level 2 in Stealth
    99 | D:1      | Reached XP level 2. HP: 16/18 MP: 4/4
   156 | D:1      | XOM: silly message
   202 | D:1      | Reached skill level 3 in Stealth
   405 | D:1      | Reached XP level 3. HP: 13/22 MP: 5/5
   766 | D:1      | XOM: silly message
   805 | D:2      | Reached skill level 4 in Stealth
   808 | D:2      | Noticed Natasha
   816 | D:2      | XOM: smoke on damage
   821 | D:2      | XOM: butterfly on damage
   824 | D:2      | HP: 1/22 [frozen (3)]
   825 | D:2      | Slain by Natasha

Illustrated notes

Levels and vault maps discovered:
D:1:      orjb1_clovarrival, layout_loops_ring
D:2:      layout_basic, serial_bayou, serial_bayou_shore_b,
          serial_bayou_lagoon_b, serial_bayou_ford_a, serial_bayou_shore_b,
          uniq_natasha, uniq_jessica

Skill      XL: |  1  2  3 |
---------------+----------+-----
Stealth        | 2 3 4 |  4.1
Fighting       | |  2.4
Short Blades   | |  3.0
Armour         | |  0.7
Dodging        | |  2.4

Action                     || total
---------------------------++-------
  Melee: Short sword       ||   138
         Punch             ||     1
    Use: Scroll            ||     4
   Stab: Sleeping          ||     3
 Armour: Leather armour    ||    81
  Dodge: Dodged            ||    89
